 Dungeon Crawl Stone Soup version 0.19-a0-958-gd69d43c (webtiles) character file.

25211 Gottschkopf the Thaumaturge (level 12, -12/66 HPs)
             Began as a Deep Elf Conjurer on July 11, 2016.
             Was a High Priest of Vehumet.
             Mangled by a large slime creature (29 damage)
             ... on level 14 of the Dungeon.
             The game lasted 01:00:52 (14111 turns).

Gottschkopf the Thaumaturge (Deep Elf Conjurer)    Turns: 14111, Time: 01:00:52

Health: -12/66     AC: 11    Str:  5    XL:     12   Next: 87%
Magic:  5/32       EV: 24    Int: 26    God:    Vehumet [*****.]
Gold:   561        SH:  0    Dex: 17    Spells: 7 memorised, 8 levels left

rFire  . . .     SeeInvis +     P - +3 dagger (flame) (curse)
rCold  + . .     Gourm    .     G - +2 robe {rC+}
rNeg   + . .     Faith    .     (no shield)
rPois  .         Spirit   .     u - +2 helmet
rElec  +         Dismiss  .     q - +0 cloak
rCorr  .         Reflect  .     (no gloves)
SustAt +         Harm     .     W - +0 pair of boots
MR     ++...     Rnd*Tele +     i - macabre finger necklace {rN+}
Stlth  +++.......               T - ring of sustain attributes (curse)
                                j - ring of flight
                                y - ring of teleportation

@: very slightly contaminated, invisible, very resistant to hostile
enchantments, fairly stealthy
A: hooves 1, repulsion field 1, slimy green scales 1, thin skeletal structure 1,
see invisible, magic resistance 1, electricity resistance
a: Renounce Religion, Evoke Flight


You were on level 14 of the Dungeon.
You worshipped Vehumet.
Vehumet was extremely pleased with you.
You were near starving.

You visited 2 branches of the dungeon, and saw 15 of its levels.

You collected 821 gold pieces.
You spent 260 gold pieces at shops.

Inventory:

Hand Weapons
 P - a cursed +3 dagger of flaming (weapon)
Armour
 q - a +0 cloak (worn)
 u - a +2 helmet (worn)
 G - a +2 robe of cold resistance (worn)
 J - a troll hide
 W - a +0 pair of boots (worn)
Rods
 O - a +2 iron rod (13/13)
   (You found it on level 8 of the Dungeon)
Jewellery
 i - the macabre finger necklace (around neck) {rN+}
   (You took it off a big kobold on level 12 of the Dungeon)

   [amulet of nothing]

   It protects you from negative energy.
 j - a ring of flight (left hand)
 y - a ring of teleportation (on amulet)
 T - a cursed ring of sustain attributes (right hand)
Wands
 a - a wand of iceblast (7/15)
 l - a wand of confusion (27/48)
 r - a wand of lightning (8/15)
 t - a wand of heal wounds (3/9)
 I - a wand of slowing (36/48)
 N - a wand of lightning (7/15)
 V - a wand of flame (35/48)
Scrolls
 e - 4 scrolls of amnesia
 g - 3 scrolls of immolation
 n - 2 scrolls of magic mapping
 s - 2 scrolls of remove curse
 w - a scroll of noise
 x - 3 scrolls of fear
 F - 3 scrolls of fog
 K - a scroll of enchant weapon
Potions
 f - 2 potions of cure mutation
 h - 2 potions of might
 k - 3 potions of brilliance
 m - 3 potions of curing
 p - a potion of resistance
 A - 5 potions of ambrosia
 C - 2 potions of heal wounds
 E - 2 potions of agility
 Y - a potion of mutation
Books
 b - a book of Conjurations

   Spells                             Type                      Level
   a - Magic Dart                     Conjuration                  1
   b - Searing Ray                    Conjuration                  2
   c - Dazzling Spray                 Conjuration/Hexes            3
   d - Fulminant Prism                Conjuration/Hexes            4
   e - Iskenderun's Mystic Blast      Conjuration                  4
   f - Iskenderun's Battlesphere      Conjuration/Charms           5
 o - a book of Debilitation

   Spells                             Type                      Level
   a - Corona                         Hexes                        1
   b - Slow                           Hexes                        2
   c - Gell's Gravitas                Hexes/Translocation          3
   d - Inner Flame                    Hexes/Fire                   3
   e - Cause Fear                     Hexes                        4
   f - Leda's Liquefaction            Hexes/Earth                  4
 M - a Fen Folio

   Spells                             Type                      Level
   a - Corpse Rot                     Necromancy                   2
   b - Stone Arrow                    Conjuration/Earth            3
   c - Leda's Liquefaction            Hexes/Earth                  4
   d - Summon Forest                  Summoning/Translocation      5
   e - Hydra Form                     Transmutation                6
   f - Summon Hydra                   Summoning                    7
 Z - an Akashic Record

   Spells                             Type                      Level
   a - Dispersal                      Translocation                6
   b - Malign Gateway                 Summoning/Translocation      7
   c - Disjunction                    Translocation                8
   d - Controlled Blink               Translocation                8
Comestibles
 c - 15 bread rations
 d - a royal jelly
 z - 7 fruits
 B - 6 meat rations
 L - 6 beef jerkies


   Skills:
 - Level 4.2 Fighting
 - Level 13.2 Dodging
 - Level 2.4 Stealth
 - Level 14.1 Spellcasting
 - Level 10.7 Conjurations
 - Level 6.2 Charms
 + Level 10.5 Translocations
 - Level 4.5 Fire Magic


You had 8 spell levels left.
You knew the following spells:

 Your Spells              Type           Power        Failure   Level  Hunger
a - Magic Dart            Conj           ####         1%          1    None
b - Searing Ray           Conj           ######       1%          2    None
c - Iskenderun's Mystic   Conj           ######..     1%          4    None
d - Fulminant Prism       Conj/Hex       #####.....   1%          4    None
e - Iskenderun's Battles  Conj/Chrm      ######..     1%          5    ##.....
f - Delayed Fireball      Conj/Fire      N/A          50%         7    ######.
g - Controlled Blink      Tloc           N/A          100%        8    #######


Dungeon Overview and Level Annotations

Branches:
Dungeon (14/15)            Temple (1/1) D:5            Lair (0/6) D:9
    Orc (0/2) D:9
 Vaults: D:13-14

Altars:
Ashenzari
Cheibriados
Dithmenos
Elyvilon
Fedhas
Gozag
Hepliaklqana
Kikubaaqudgha
Makhleb
Nemelex Xobeh
Okawaru
Pakellas
Qazlal
Ru
Sif Muna
Trog
Uskayaw
Vehumet
Xom
Zin
The Shining One

Shops:
D:7 :   D:11 *([(


Innate Abilities, Weirdness & Mutations

You have large cloven feet.
You are surrounded by a mild repulsion field. (EV +2)
You are partially covered in slimy green scales. (AC +2)
You have a somewhat thin skeletal structure. (Dex +2, Stealth)
You have supernaturally acute eyesight. (SInv)
You are resistant to hostile enchantments. (MR+)
You are resistant to electric shocks. (rElec)


Message History

Confirm with . or Enter, or press ? or * to list all spells.
Aiming: Iskenderun's Mystic Blast
Press: ? - help, Shift-Dir - straight line, f - hungry ghost, p - slime creature
Aim: a hungry ghost The orb of energy hits the hungry ghost.
The hungry ghost is moderately damaged.
The orb of energy explodes!
The mystic blast hits the skeletal warrior.
The skeletal warrior is moderately damaged.
The mystic blast hits the large slime creature.
The large slime creature is moderately wounded.
The mystic blast hits the skeletal warrior.
The skeletal warrior is moderately damaged.
The mystic blast hits the skeletal warrior.
The skeletal warrior is lightly damaged.
The sheep bleats!
The slime creature quivers. x2
The skeletal warrior misses you. The hungry ghost completely misses you.
The large slime creature hits you!!
You die...

#§≈..........≈≈
#≈≈....)...§§# ....
#≈≈......§§#
.....##≈≈§..§≈≈## ..
#....####†'#### ....
#...####.....#
#...###...##.z.#####
#.....#.....JWz#
#.....#.....z@z#
...........####
#...Y..J## #...JY.##
####h..# #...#
####...# #......##
#.......#


You could see 4 skeletal warriors, a large slime creature, 2 slime creatures, a
hungry ghost, a howler monkey and 2 sheep.

Vanquished Creatures
  A centaur warrior (D:10)
  Erica (D:8)
  Sonja (D:12)
  3 skeletal warriors (D:9)
  An unseen horror (D:11)
  2 wizards (D:13)
  5 hill giants
  Pikel (D:6)
  A necromancer (D:13)
  3 ugly things
  3 kobold demonologists
  A centaur skeleton (D:13)
  3 trolls
  The ghost of bezhaha the Ducker, an amateur DgAs (D:4)
  A two-headed ogre (D:12)
  A slime creature (D:14)
  The ghost of Gottschkopf the Thaumaturge, an amateur DECj (D:3)
  A water elemental (D:12)
  8 yaks
  2 wyverns
  A vampire (D:9)
  18 humans (D:13)
  2 wraiths
  A fire elemental (D:14)
  A steam dragon (D:8)
  A hippogriff (D:13)
  2 mottled dragons
  2 soldier ants (D:11)
  2 wargs (D:9)
  2 water moccasins
  Duvessa (D:5)
  2 sky beasts
  3 black bears
  6 orc warriors
  4 slaves (D:6)
  A wasp (D:14)
  5 ice beasts
  A phantom (D:6)
  4 ogres
  7 centaurs
  A crocodile (D:12)
  4 big kobolds
  Blork the orc (D:5)
  4 giant frogs
  Dowan (D:5)
  A scorpion (D:6)
  A water moccasin skeleton (D:7)
  32 wights
  12 killer bees
  3 howler monkeys
  5 electric eels (D:12)
  8 crimson imps
  A wasp zombie (D:8)
  A giant frog zombie (D:11)
  5 hounds
  2 quasits
  A gnoll shaman (D:8)
  4 jellies
  14 orc wizards
  5 orc priests
  A giant frog skeleton (D:8)
  2 iguanas
  10 worker ants
  A worker ant zombie (D:11)
  8 gnolls
  2 river rats (D:9)
  24 adders
  An ooze (D:1)
  3 adder skeletons
  2 adder zombies
  4 worms
  A dart slug (D:3)
  3 giant geckos
  63 orcs
  3 ball pythons (D:2)
  20 bats
  6 giant cockroaches
  7 goblins
  14 hobgoblins
  10 jackals
  25 kobolds
  2 quokkas
  3 giant newts
  A quokka skeleton (D:7)
  A quokka zombie (D:9)
  5 rats
435 creatures vanquished.

Vanquished Creatures (others)
  13 fulminant prisms
  3 fungi (D:9)
  A plant (D:9)
17 creatures vanquished.

Grand Total: 452 creatures vanquished

Notes
Turn   | Place    | Note
-------+----------+-------------------------------------------
     0 | D:1      | Gottschkopf the Deep Elf Conjurer began the quest for the Orb.
     0 | D:1      | Reached XP level 1. HP: 10/10 MP: 6/6
    70 | D:1      | Reached XP level 2. HP: 15/15 MP: 0/8
    90 | D:1      | Reached skill level 4 in Spellcasting
   382 | D:1      | Learned a level 2 spell: Searing Ray
   877 | D:2      | Reached skill level 5 in Spellcasting
   877 | D:2      | Reached XP level 3. HP: 19/19 MP: 7/11
  1436 | D:2      | Reached skill level 6 in Spellcasting
  1436 | D:2      | Reached XP level 4. HP: 24/24 MP: 8/14
  1442 | D:2      | Learned a level 4 spell: Iskenderun's Mystic Blast
  1447 | D:2      | Learned a level 4 spell: Fulminant Prism
  1907 | D:2      | Reached skill level 7 in Spellcasting
  1907 | D:2      | Reached XP level 5. HP: 28/28 MP: 8/16
  2332 | D:3      | Found a blossoming altar of Fedhas.
  2550 | D:3      | Noticed Gottschkopf's ghost (amateur DECj)
  2553 | D:3      | Killed Gottschkopf's ghost
  2553 | D:3      | Reached skill level 9 in Spellcasting
  2553 | D:3      | Reached XP level 6. HP: 18/32 MP: 5/20
  2571 | D:3      | Learned a level 5 spell: Iskenderun's Battlesphere
  2865 | D:3      | Reached skill level 1 in Charms
  3331 | D:4      | Found a shimmering altar of Xom.
  3334 | D:4      | Found a shimmering altar of Xom.
  3412 | D:4      | Noticed bezhaha's ghost (amateur DgAs)
  3420 | D:4      | Killed bezhaha's ghost
  3420 | D:4      | Reached XP level 7. HP: 36/36 MP: 6/21
  3562 | D:4      | Found an opulent altar of Gozag.
  3820 | D:5      | Entered Level 5 of the Dungeon
  4006 | D:5      | Noticed Duvessa
  4028 | D:5      | Noticed Dowan
  4030 | D:5      | Killed Duvessa
  4030 | D:5      | Reached skill level 10 in Spellcasting
  4032 | D:5      | Killed Dowan
  4135 | D:5      | Reached XP level 8. HP: 40/41 MP: 5/24
  4308 | D:5      | Reached skill level 11 in Spellcasting
  4472 | D:5      | Found a staircase to the Ecumenical Temple.
  4477 | Temple   | Entered the Ecumenical Temple
  4775 | D:5      | Noticed Blork the orc
  4780 | D:5      | Killed Blork the orc
  4780 | D:5      | Reached skill level 5 in Conjurations
  5161 | D:6      | Found a radiant altar of Vehumet.
  5169 | D:6      | Found a stormy altar of Qazlal.
  5177 | D:6      | Became a worshipper of Vehumet
  5641 | D:6      | Noticed Pikel
  5650 | D:6      | Killed Pikel
  5650 | D:6      | Reached XP level 9. HP: 35/45 MP: 3/26
  6017 | D:6      | Reached * piety under Vehumet
  6017 | D:6      | Offered knowledge of Sting by Vehumet.
  6075 | D:6      | Found a bloodstained altar of Trog.
  6200 | D:7      | Reached skill level 10 in Conjurations
  6450 | D:7      | Found a sparkling altar of Nemelex Xobeh.
  6558 | D:7      | Found an oddly glowing altar of Pakellas.
  6599 | D:7      | Found Amelep's Book Shop.
  6622 | D:7      | Reached ** piety under Vehumet
  6622 | D:7      | Offered knowledge of Sandblast by Vehumet.
  6664 | D:7      | Found a glowing silver altar of Zin.
  6664 | D:7      | Found a burning altar of Makhleb.
  6665 | D:7      | Noticed an Executioner
  6665 | D:7      | Noticed an angel
  6688 | D:7      | Reached skill level 5 in Dodging
  6893 | D:7      | Found a deep blue altar of Sif Muna.
  7101 | D:7      | Found a glowing golden altar of the Shining One.
  7271 | D:8      | Found a hazy altar of Hepliaklqana.
  7323 | D:8      | Noticed Erica
  7328 | D:8      | Killed Erica
  7328 | D:8      | Reached XP level 10. HP: 50/50 MP: 11/27
  7869 | D:8      | Offered knowledge of Throw Flame by Vehumet.
  7869 | D:8      | Reached skill level 10 in Dodging
  8156 | D:9      | Noticed a skeletal warrior
  8164 | D:9      | Noticed a skeletal warrior
  8165 | D:9      | Killed a skeletal warrior
  8165 | D:9      | Reached *** piety under Vehumet
  8167 | D:9      | Killed a skeletal warrior
  8171 | D:9      | Noticed a skeletal warrior
  8652 | D:9      | Found a staircase to the Lair.
  8682 | D:9      | Found a staircase to the Orcish Mines.
  8696 | D:9      | Offered knowledge of Airstrike by Vehumet.
  8970 | D:9      | Reached **** piety under Vehumet
  9148 | D:9      | Reached XP level 11. HP: 54/54 MP: 22/28
  9164 | D:9      | Noticed a skeletal warrior
  9168 | D:9      | Killed a skeletal warrior
  9185 | D:10     | Entered Level 10 of the Dungeon
  9355 | D:10     | Offered knowledge of Olgreb's Toxic Radiance by Vehumet.
  9499 | D:10     | Reached skill level 12 in Spellcasting
  9924 | D:10     | Noticed a centaur warrior
  9932 | D:10     | Killed a centaur warrior
 10470 | D:11     | Noticed a hill giant
 10479 | D:11     | Killed a hill giant
 10655 | D:11     | Found Taarrath's Weapon Emporium.
 10712 | D:11     | Found Coizeiwe's Antique Armour Boutique.
 10833 | D:11     | Reached skill level 13 in Spellcasting
 11050 | D:11     | Found Inenawiasi's Weapon Shoppe.
 11115 | D:11     | Reached ***** piety under Vehumet
 11290 | D:11     | Killed an unseen horror
 11290 | D:11     | Reached skill level 14 in Spellcasting
 11510 | D:11     | Offered knowledge of Delayed Fireball by Vehumet.
 11712 | D:11     | Learned a level 7 spell: Delayed Fireball
 11741 | D:11     | Noticed a hill giant
 11746 | D:11     | Killed a hill giant
 11747 | D:11     | Found Emaonk's General Store.
 11754 | D:11     | Bought a scroll of brand weapon for 260 gold pieces
 12176 | D:12     | Noticed a hill giant
 12186 | D:12     | Killed a hill giant
 12186 | D:12     | Reached XP level 12. HP: 66/66 MP: 21/32
 12299 | D:12     | Learned a level 8 spell: Controlled Blink
 12338 | D:12     | Reached skill level 1 in Translocations
 12342 | D:12     | Noticed Sonja
 12352 | D:12     | Killed Sonja
 12390 | D:12     | Gained mutation: You are surrounded by a mild repulsion field. (EV +2) [mutagenic meat]
 12393 | D:12     | Gained mutation: You have a somewhat thin skeletal structure. (Dex +2, Stealth) [mutagenic meat]
 12396 | D:12     | Gained mutation: You expend magic power (3 MP) to strengthen your wands. [mutagenic meat]
 12399 | D:12     | Gained mutation: You are partially covered in slimy green scales. (AC +2) [mutagenic meat]
 12724 | D:12     | Reached skill level 5 in Translocations
 13434 | D:13     | Gained mutation: You are resistant to electric shocks. (rElec) [mutagenic meat]
 13437 | D:13     | Gained mutation: You have supernaturally acute eyesight. (SInv) [mutagenic meat]
 13622 | D:13     | Offered knowledge of Iron Shot by Vehumet.
 13699 | D:13     | Reached skill level 10 in Translocations
 13770 | D:13     | Noticed a vault guard
 14102 | D:14     | Gained mutation: You are resistant to hostile enchantments. (MR+) [potion of mutation]
 14102 | D:14     | Lost mutation: You expend magic power (3 MP) to strengthen your wands. [potion of mutation]
 14102 | D:14     | Gained mutation: You have large cloven feet. [potion of mutation]
 14111 | D:14     | Mangled by a large slime creature

Vault maps used:
D:1:      lightli_iron_boxes, kennysheep_nondescript
D:2:      minmay_snake_closets
D:3:      overflow_temple_1_default
D:4:      grunt_gozag_statues, xom_redecorated
D:5:      first_bread, uniq_duvessa, uniq_blork_the_orc
D:6:      lemuel_crystal_altar, old_standard_altar, trog_hazing_becter,
          uniq_pikel
D:7:      grunt_temple_overflow_order_and_chaos_2,
          lemuel_coloured_pillars_altar, old_standard_altar, led_sif_pool,
          serial_shops, nicolae_shop_behind_doors, grunt_ogre_cave,
          johnstein_pakellas_death_squad
D:8:      nicolae_overflow_hidden_temple, lemuel_crystal_altar,
          lightli_orcish_oven, uniq_erica
D:9:      due_lair_maze_entry_diamond, minmay_orc_entry_guard_dogs
D:11:     serial_shops, shop, shop_statue, shop, nicolae_shop_stone
D:12:     uniq_sonja
D:13:     grunt_vaults_entry_tiered
D:14:     kennysheep_big_empty_room, serial_shops, nicolae_shop_window_shopping
Temple:   cyrus_temple_forest

Skill      XL: |  1  2  3  4  5  6  7  8  9 10 11 12 |
---------------+-------------------------------------+-----
Spellcasting   | 5 6 7 9 10 11 14 | 14.1
Charms         | 6 |  6.2
Conjurations   | 9 10 | 10.7
Dodging        | 9 13 | 13.2
Fighting       | 4 |  4.2
Fire Magic     | 4 |  4.5
Translocations | 10 | 10.5
Stealth        | |  2.4

Action                   |  1- 3 |  4- 6 |  7- 9 | 10-12 || total
-------------------------+-------+-------+-------+-------++-------
Melee: Dagger            |    20 |       |     1 |     6 ||    27
       Unarmed           |     9 |       |       |       ||     9
 Cast: Magic Dart        |    58 |   115 |   175 |   345 ||   693
       Searing Ray       |     3 |    12 |    13 |    50 ||    78
       Iskenderun's Myst |       |     1 |    12 |    55 ||    68
       Iskenderun's Batt |       |       |    29 |    69 ||    98
       Fulminant Prism   |       |       |       |    13 ||    13
Evoke: Rod               |       |       |       |     1 ||     1
  Use: Scroll            |       |     5 |    18 |    11 ||    34
       Potion            |       |       |       |     4 ||     4
 Stab: Sleeping          |     1 |       |       |     1 ||     2
  Eat: Chunk             |     1 |     6 |    16 |    32 ||    55
       Fruit             |       |       |     1 |     1 ||     2
Armor: Robe              |     9 |     3 |    10 |    32 ||    54
Dodge: Dodged            |    40 |     8 |    18 |   203 ||   269
